 Dungeon Crawl Stone Soup version 0.16-a0-922-gae79c9c (webtiles) character file.

321 JacquesDerrida the Insei (level 6, -1/43 HPs)
             Began as a Demonspawn Transmuter on Sept 30, 2014.
             Slain by a killer bee (6 damage)
             ... on Level 5 of the Dungeon.
             The game lasted 00:10:34 (2164 turns).

JacquesDerrida the Insei (Demonspawn Transmuter)    Turns: 2164, Time: 00:10:34

HP  -1/43        AC  4     Str 11      XL: 6   Next: 22%
MP   9/10        EV 11     Int 13 (14) God:
Gold 127         SH  0     Dex 15      Spells:  1 memorised,  8 levels left

rFire  . . .     SeeInvis .       - Unarmed
rCold  . . .     Clarity  .     h - +1 leather armour
rNeg   + . .     rCorr    .     (no shield)
rPois  .         rRot     +     (no helmet)
rElec  .         Spirit   .     (no cloak)
SustAb .         Warding  +     (no gloves)
rMut   .         Stasis   .     (no boots)
Gourm  .                        l - amulet of warding
MR     .....                    (no ring)
                                o - ring of stealth

@: lethally poisoned, about to teleport, very slightly contaminated, not
resistant to hostile enchantments, unstealthy
A: demonic guardian 1, foul stench 1, rot immunity
a: no special abilities


You were on level 5 of the Dungeon.
You were not hungry.

You visited 2 branches of the dungeon, and saw 6 of its levels.

You collected 127 gold pieces.

Inventory:

Missiles
 b - 31 arrows
 n - 2 javelins of penetration (quivered)
 u - a throwing net
Armour
 c - a +0 robe
 h - a +1 leather armour (worn)
Comestibles
 a - 4 bread rations
 i - 2 slices of pizza
 r - a meat ration
 v - a fruit
Scrolls
 e - 2 scrolls of identify {unknown}
 g - a scroll of magic mapping {unknown}
 j - a scroll of fear {unknown}
 m - a scroll of random uselessness {unknown}
 p - a scroll of enchant armour
 x - 2 scrolls of immolation {unknown}
 y - a scroll of recharging {unknown}
Jewellery
 l - an amulet of warding (around neck)
 o - a ring of stealth (left hand)
Potions
 k - a potion of restore abilities
Books
 d - a book of Changes

   Spells                             Type                      Level
   *Beastly Appendage                 Transmutation                1
   Sticks to Snakes                   Transmutation                2
   Spider Form                        Transmutation/Poison         3
   Ice Form                           Ice/Transmutation            4
   Blade Hands                        Transmutation                5


   Skills:
 - Level 1.0 Fighting
 - Level 1.7 Dodging
 + Level 6.4 Unarmed Combat
 - Level 2.0 Spellcasting
 - Level 1.7 Transmutations


You had 8 spell levels left.
You knew the following spells:

 Your Spells              Type           Power        Failure   Level  Hunger
a - Beastly Appendage     Trmt           #.....       14%         1    ##.....


Dungeon Overview and Level Annotations

Branches:
Dungeon (5/15)             Temple (1/1) D:4

Altars:
Ashenzari
Dithmenos
Gozag
Kikubaaqudgha
Nemelex Xobeh
Qazlal
Sif Muna
Trog
Vehumet
Xom
Yredelemnul
Zin


Innate Abilities, Weirdness & Mutations

A weak demonic guardian rushes to your aid.
You emit a foul stench.
You are immune to rotting.


Message History

You are lethally poisoned!
The killer bee poisons you!
The killer bee stings you but does no damage.
The killer bee stings you.
* * * LOW HITPOINT WARNING * * *
The killer bee stings you.
* * * LOW HITPOINT WARNING * * *
You are more poisoned.
The killer bee poisons you!
Read which item? (? for menu, Esc to quit)
As you read the scroll labeled THROET ISHREY, it crumbles to dust.
You hear a loud clanging noise!
It was a scroll of noise.
* * * LOW HITPOINT WARNING * * *
You feel very sick. The killer bee stings your iron imp.
The killer bee closely misses you. The killer bee closely misses you.
The killer bee stings your iron imp but does no damage.
The killer bee stings you.
You die...

#..........# #..#####....
#..........# ##........##
#####..........###...........
#...#.................#[#....
#..)...........##....##.#....
#...#......yy..##..#.##.#....
#...########y####..y..#.#....
#....# #y# ##.##....y...
#....# #@# #..##.#.#....
#....# #####5y###.#....>..#y#
####.###...##y.##.#.....###.#
#...#...###.........# #y#
###......)..##........##y#
##))...##.............yy
#.....###..........#.#5
##....# #.<...........#
#....# #..........#...


You could see 6 killer bees and a friendly iron imp.

Vanquished Creatures
  A hill giant zombie (D:4)
  An orc priest (D:4)
  An orc wizard (D:5)
  A hound skeleton (D:4)
  2 adders
  A shadow imp (D:5)
  A worm (D:2)
  A giant gecko (D:3)
  8 orcs
  2 bats
  2 giant cockroaches
  6 hobgoblins
  3 jackals (D:2)
  6 kobolds
  6 giant newts
  4 goblins
  A goblin skeleton (D:4)
  7 rats
54 creatures vanquished.

Vanquished Creatures (collateral kills)
  An ogre (D:5)
  A crimson imp (D:5)
  A giant gecko (D:4)
  An orc (D:4)
  A goblin (D:4)
5 creatures vanquished.

Vanquished Creatures (others)
  4 crimson imps
  3 quasits
  2 iron imps (D:4)
  An ufetubus (D:5)
10 creatures vanquished.

Grand Total: 69 creatures vanquished

Notes
Turn   | Place    | Note
--------------------------------------------------------------
     0 | D:1      | JacquesDerrida, the Demonspawn Transmuter, began the quest for the Orb.
     0 | D:1      | Reached XP level 1. HP: 15/15 MP: 3/3
   174 | D:1      | Reached skill level 3 in Unarmed Combat
   292 | D:1      | Gained mutation: You are immune to rotting. [demonic ancestry]
   292 | D:1      | Reached XP level 2. HP: 15/21 MP: 2/4
   529 | D:2      | Gained mutation: A weak demonic guardian rushes to your aid. [demonic ancestry]
   529 | D:2      | Reached XP level 3. HP: 16/26 MP: 6/6
   806 | D:3      | Reached skill level 4 in Unarmed Combat
  1075 | D:4      | Gained mutation: You emit a foul stench. [demonic ancestry]
  1075 | D:4      | Reached XP level 4. HP: 17/32 MP: 5/7
  1352 | D:4      | Found a staircase to the Ecumenical Temple.
  1375 | Temple   | Entered the Ecumenical Temple
  1610 | D:4      | Reached skill level 5 in Unarmed Combat
  1645 | D:4      | Noticed a hill giant zombie
  1793 | D:4      | Killed a hill giant zombie
  1793 | D:4      | Reached XP level 5. HP: 28/37 MP: 7/9
  1916 | D:5      | Entered Level 5 of the Dungeon
  1916 | D:5      | Noticed a water moccasin
  1954 | D:5      | Noticed an ogre
  1962 | D:5      | Killed an ogre
  1962 | D:5      | Reached skill level 6 in Unarmed Combat
  1979 | D:5      | Reached XP level 6. HP: 36/43 MP: 8/10
  2164 | D:5      | Slain by a killer bee

Action                   |  1- 3 |  4- 6 || total
-------------------------+-------+-------++-------
Melee: Unarmed           |   150 |    90 ||   240
Throw: Javelin           |       |     6 ||     6
       Throwing net      |       |     1 ||     1
 Cast: Beastly Appendage |    12 |    13 ||    25
  Use: Potion            |     1 |     4 ||     5
       Scroll            |       |     4 ||     4
  Eat: Chunk             |       |     5 ||     5
